 Dungeon Crawl Stone Soup version 0.30.1-9-gdf580d7c3d (webtiles) character file.

Game seed: 2053153915021146640

48 Ivernyr the Twirler (level 3, 0/18 HPs)
             Began as a Vine Stalker Gladiator on Sept 27, 2023.
             Slain by a hobgoblin (4 damage)
             ... led by Robin
             ... on level 2 of the Dungeon.
             The game lasted 00:01:37 (1165 turns).

Ivernyr the Twirler (Vine Stalker Gladiator)        Turns: 1165, Time: 00:01:38

Health: 0/18       AC:  4    Str: 18    XL:     3   Next: 72%
Magic:  0/4        EV: 12    Int:  8    God:
Gold:   38         SH:  0    Dex: 15    Spells: 2/2 levels left

rFire   . . .        a - +0 quarterstaff
rCold   . . .        (shield currently unavailable)
rNeg    . . .        b - +0 leather armour
rPois   .            c - +0 helmet
rElec   .            (no cloak)
rCorr   .            (no gloves)
SInv    .            (no boots)
Will    .....        (no amulet)
Stlth   +            (no ring)
HPRegen 0.23/turn    (no ring)
MPRegen 0.09/turn

%: guardian spirit
@: no status effects
A: fangs 2, magic shield, antimagic bite, no potion heal 2
a: no special abilities


You were on level 2 of the Dungeon.
You visited 1 branch of the dungeon, and saw 2 of its levels.

You collected 38 gold pieces.

Inventory:

Hand Weapons
 a - a +0 quarterstaff (weapon)
Missiles
 d - 3 throwing nets (quivered)
 e - a javelin
Armour
 b - a +0 leather armour (worn)
 c - a +0 helmet (worn)
Scrolls
 f - 3 scrolls of identify {unknown}
 i - a scroll of enchant weapon {unknown}
 l - a scroll of silence {unknown}
Potions
 g - a potion of degeneration {unknown}
 h - 2 potions of curing {unknown}
 j - 2 potions of flight {unknown}
 k - 2 potions of magic {unknown}
 m - a potion of berserk rage {unknown}


   Skills:
 + Level 2.2 Fighting
 * Level 3.3 Staves
 - Level 1.7 Throwing
 + Level 0.9 Armour
 + Level 2.7 Dodging


You had 2 spell levels left.
You didn't know any spells.
Your spell library was empty.

Dungeon Overview and Level Annotations

Branches:
Dungeon (2/15)

Altars:

Annotations:
D:2 Robin


Innate Abilities, Weirdness & Mutations

You have extremely sharp teeth.
When hurt, damage is shared between your health and your magic reserves.
Your bite disrupts and absorbs the magic of your enemies.
Potions cannot restore your health.


Message History

The goblin hits you with a +0 dagger.
Robin of the Strong Arm comes into view.
They are wielding a +3 dagger of speed.
You barely miss the goblin. The goblin hits you but does no damage.
A goblin comes into view. It is wielding a +0 club.
You sock the goblin!
You kill the goblin!
Robin roars a battlecry!
The goblin goes into a battle-frenzy!
A hobgoblin comes into view.
Robin throws the goblin at you! The goblin hits you with a +0 club.
Items here: ))) †.
You sock Robin! You bite Robin, but do no damage.
Robin is heavily wounded.
Robin hits you but does no damage.
A hobgoblin comes into view.
The goblin hits you but does no damage. Robin misses you.
You hit Robin.
Robin is severely wounded.
A goblin comes into view. It is wielding a +0 dagger.
The goblin misses you. The hobgoblin closely misses you.
The goblin hits you with a +0 club.
You closely miss the hobgoblin. You bite the hobgoblin. You drain its power.
You feel invigorated.
The hobgoblin is almost dead.
The hobgoblin closely misses you. The hobgoblin misses you.
A goblin comes into view. It is wielding a +0 club.
The goblin barely misses you.
The goblin shouts!
You hear a shout!
Robin roars a battlecry!
The goblin hits you but does no damage.
There is an escape hatch in the floor here.
Robin throws the goblin at you! The goblin hits you but does no damage.
You closely miss the goblin. Your bite misses the goblin.
The hobgoblin barely misses you. The goblin hits you with a +0 dagger.
The goblin hits you with a +0 club.
* * * LOW HITPOINT WARNING * * *
You hit the goblin.
You kill the goblin!
The hobgoblin hits you.
You die...

#...# #.....#
#..<# #.....#
#...###.....#
#...##..#####
#.#....### #
#.##>....# .
.. #.###.# .#
#. #.#
#.######.# #.
#.#
#..)@gg..#
..#
#####g.###
.## #g.# ##
#g..# .<#.#
####... ###.
.. #


You could see Robin, 2 hobgoblins and 2 goblins.

Vanquished Creatures
  A gnoll (D:1)
  2 dart slugs (D:1)
  2 ball pythons
  2 bats (D:1)
  2 endoplasms
  2 giant cockroaches (D:1)
  7 goblins
  4 hobgoblins
  A quokka (D:1)
  4 frilled lizards (D:1)
  3 kobolds (D:1)
  2 rats (D:1)
32 creatures vanquished.

Notes
Turn   | Place    | Note
-------+----------+-------------------------------------------
     0 | D:1      | Ivernyr the Vine Stalker Gladiator began the quest for the
                  | Orb.
     0 | D:1      | Reached XP level 1. HP: 11/11 MP: 2/2
   227 | D:1      | Reached XP level 2. HP: 15/15 MP: 3/3
   432 | D:1      | Reached skill level 3 in Staves
   680 | D:1      | Reached XP level 3. HP: 15/18 MP: 4/4
  1155 | D:2      | Noticed Robin
  1165 | D:2      | Slain by a hobgoblin

Illustrated notes

Levels and vault maps discovered:
D:1:      dpeg_arrival_refuge, layout_basic
D:2:      layout_rooms, nicolae_ecumenical_snake_handling,
          chequers_serial_rivers_small_a, uniq_robin

Skill      XL: |  1  2 |
---------------+-------+-----
Fighting       | 2 |  2.2
Staves         | 3 |  3.3
Throwing       | |  1.7
Armour         | |  0.9
Dodging        | |  2.7

Action                     || total
---------------------------++-------
  Melee: Quarterstaff      ||    88
         Bite              ||    24
   Stab: Sleeping          ||     3
 Armour: Leather armour    ||    34
  Dodge: Dodged            ||    60
